AoeStats
← Barnar

Black Forest

507138246Analyzed
2v2 RM · 16d ago on Sep 16, 2026· 63m 10s· 4 players
Game mode
Random Map
Map size
Medium (4 player)
Population
200
Speed
Normal
Resources
Standard
Victory
Conquest
Starting age
Dark Age
Ending age
Imperial Age
RankedLock teamsTeams togetherTeam positionsShared explorationLock speedFull tech treeHidden civsTurbo modeCheats
Victory
Defeat
🇪🇸 Persians · Spain
856
+18
🇪🇸 Chinese · Spain
855
+18
🇮🇹 Burgundians · Italy
905
-18
🇮🇹 Vietnamese · Italy
898
-18
Alonchobjj
8:50 Loom
11:08 Feudal Age
15:22 Castle Age
13:52 Double-Bit Axe
14:03 Horse Collar
22:53 Wheelbarrow
22:53 Heavy Plow
23:33 Bow Saw
25:17 Hand Cart
25:01 Stone Mining
25:07 Gold Mining
28:46 Fortified Wall
28:48 Masonry
31:39 Imperial Age
29:27 Great Wall
30:17 Gold Shaft Mining
30:57 Ballistics
30:31 Fletching
30:42 Padded Archer Armor
30:53 Forging
30:44 Scale Mail Armor
30:55 Caravan
31:16 Squires
31:01 Arson
31:17 Bodkin Arrow
34:29 Two-Man Saw
32:56 Elite Fire Lancer
34:06 Conscription
33:46 Town Watch
35:10 Bracer
35:26 Leather Archer Armor
35:47 Iron Casting
35:27 Chain Mail Armor
35:15 Capped Ram
37:17 Chemistry
36:49 Architecture
36:45 Siege Ram
38:22 Elite Chu Ko Nu
39:25 Town Patrol
40:29 Blast Furnace
39:59 Plate Mail Armor
40:03 Ring Archer Armor
41:04 Heavy Rocket Cart
51:43 Man-at-Arms
53:59 Pikeman
54:01 Long Swordsman
55:01 Two-Handed Swordsman
55:40 Champion
60:51 Pikeman
jowi125
1:11 Loom
11:48 Feudal Age
15:34 Castle Age
13:45 Double-Bit Axe
14:36 Horse Collar
17:05 Town Watch
22:55 Heavy Plow
27:25 Wheelbarrow
31:16 Imperial Age
29:28 Fletching
30:19 Hand Cart
30:05 Gold Mining
31:26 Kamandaran
33:28 Town Patrol
33:24 Bodkin Arrow
33:29 Padded Archer Armor
34:07 Caravan
35:14 Leather Archer Armor
35:10 Forging
35:06 Scale Barding Armor
35:01 Scale Mail Armor
34:44 Crossbowman
36:06 Bow Saw
36:35 Gold Shaft Mining
36:34 Crop Rotation
36:21 Elite War Elephant
38:01 Thumb Ring
40:14 Iron Casting
40:10 Ring Archer Armor
40:56 Husbandry
41:16 Bloodlines
41:20 Devotion
41:39 Citadels
42:09 Ballistics
42:51 Chemistry
42:49 Masonry
46:10 Blast Furnace
45:26 Chain Mail Armor
49:14 Chain Barding Armor
49:24 Plate Mail Armor
54:02 Cavalier
55:42 Plate Barding Armor
55:50 Faith
56:43 Architecture
55:51 Savar
57:16 Hoardings
EarthMovie2383
0:27 Loom
17:25 Feudal Age
20:46 Wheelbarrow
22:12 Castle Age
21:03 Double-Bit Axe
22:41 Bow Saw
22:16 Horse Collar
23:03 Hand Cart
23:26 Heavy Plow
26:49 Two-Man Saw
26:23 Crop Rotation
25:47 Gold Mining
28:51 Imperial Age
29:31 Forging
29:28 Scale Barding Armor
29:16 Fletching
29:26 Padded Archer Armor
31:29 Conscription
35:05 Stone Mining
35:56 Iron Casting
35:41 Chain Barding Armor
36:03 Burgundian Vineyards
38:23 Blast Furnace
37:23 Bodkin Arrow
37:43 Leather Archer Armor
40:25 Chemistry
39:49 Ballistics
39:33 Elite Skirmisher
40:33 Bracer
40:58 Elite Coustillier
41:11 Imperial Skirmisher
42:39 Fortified Wall
42:12 Treadmill Crane
42:46 Masonry
43:09 Caravan
45:32 Scale Mail Armor
61:44 Onager
Barnar
0:33 Loom
13:54 Feudal Age
14:28 Double-Bit Axe
15:07 Horse Collar
19:46 Castle Age
18:21 Stone Mining
21:10 Wheelbarrow
26:54 Hand Cart
29:10 Gold Mining
31:56 Squires
31:30 Elite Skirmisher
32:19 Husbandry
32:30 Bloodlines
32:46 Ballistics
32:36 Fortified Wall
32:46 Bow Saw
37:55 Imperial Age
35:50 Heavy Plow
36:20 Chatras
36:57 Forging
36:53 Scale Barding Armor
36:39 Fletching
36:49 Padded Archer Armor
38:28 Iron Casting
38:54 Stone Shaft Mining
38:01 Imperial Skirmisher
38:05 Elite Battle Elephant
39:09 Paper Money
41:21 Chemistry
40:58 Leather Archer Armor
40:39 Bodkin Arrow
41:04 Chain Barding Armor
44:12 Bracer
44:42 Ring Archer Armor
45:15 Caravan
46:48 Plate Barding Armor
49:30 Siege Engineers
54:36 Two-Man Saw
55:19 Light Cavalry
Connection lost

Rejoining the realm…

Still unreachable

The connection could not be restored.

Session expired

The server has moved on; the page needs a fresh start.